 Dungeon Crawl Stone Soup version 0.32-a0-913-g739538afd8 (webtiles) character file.

Game seed: 8665216455882385901

16016 shadizar the Thaumaturge (level 12, -8/88 HPs)
             Began as a Djinni Conjurer on Apr 8, 2024.
             Was a Priest of Makhleb.
             Killed by an exploding fulminant prism (42 damage)
             ... in a Gauntlet.
             The game lasted 00:15:35 (12565 turns).

shadizar the Thaumaturge (Djinni Conjurer)         Turns: 12565, Time: 00:15:36

Health: -8/88      AC:  9    Str: 12    XL:     12   Next: 64%
Gold:   819        EV: 15    Int: 30    God:    Makhleb [***...] SH:  0 Dex: 13

rFire   + + .        k - staff of alchemy
rCold   x . .        (no shield)
rNeg    . . .        z - +0 steam dragon scales
rPois   ∞            a - +0 helmet
rElec   .            w - +1 cloak
rCorr   .            (no gloves)
SInv    .            (boots unavailable)
Will    +....        (no amulet)
Stlth   +++          B - +6 ring of strength
HPRegen 0.34/turn    D - +6 ring of intelligence

%: no teleportation, infuse magic (-9 HP)
@: flying
A: sickness immunity, fire resistance 2, cold vulnerability 1, float, innate
caster, HP casting, extra vitality 1
a: Renounce Religion, Minor Destruction, Lesser Servant of Makhleb


You were in a Gauntlet.
You worshipped Makhleb.
Makhleb was most pleased with you.
You visited 3 branches of the dungeon, and saw 14 of its levels.
You also visited: Gauntlet.

You collected 819 gold pieces.

Inventory:

Hand Weapons
 t - the +5 flail of Scorn {elec, Will+ Str+4}
   (You found it on level 6 of the Dungeon)

   Str+4:     It affects your strength (+4).
   Will+:     It increases your willpower.
Armour
 a - a +0 helmet (worn)
 w - a +1 cloak (worn)
 z - +0 steam dragon scales (worn)
Magical Staves
 k - a staff of alchemy (weapon)
Jewellery
 b - the ring "Kimpihew" {rElec rPois Will+ EV+5 Int-2}
   (You acquired it on level 1 of the Lair of Beasts)

   [ring of evasion]

   EV+5:      It affects your evasion (+5).
   Int-2:     It affects your intelligence (-2).
   rElec:     It insulates you from electricity.
   rPois:     It protects you from poison.
   Will+:     It increases your willpower.
 e - the ring "Ara Inid" {rF+ rCorr Str+2 Dex+6}
   (You found it in a Gauntlet)

   [ring of dexterity]

   Str+2:     It affects your strength (+2).
   Dex+6:     It affects your dexterity (+6).
   rF+:       It protects you from fire.
   rCorr:     It protects you from acid and corrosion.
 B - a +6 ring of strength (left hand)
 D - a +6 ring of intelligence (right hand)
Wands
 c - a wand of iceblast (8)
 v - a wand of paralysis (32)
 y - a wand of digging (2)
 C - a wand of polymorph (5)
 E - a wand of mindburst (5)
Scrolls
 d - 4 scrolls of identify
 j - 3 scrolls of fear
 m - 3 scrolls of amnesia
 n - a scroll of silence
 o - 3 scrolls of immolation
 r - 2 scrolls of enchant armour
 x - 5 scrolls of teleportation
Potions
 f - 7 potions of curing
 g - 2 potions of heal wounds
 h - a potion of experience {unknown}
 i - 2 potions of lignification
 p - a potion of might
 q - 2 potions of invisibility
 s - a potion of degeneration
 u - 3 potions of mutation
 G - a potion of magic
 H - a potion of ambrosia


   Skills:
 + Level 8.5 Fighting
 + Level 4.6 Armour
 + Level 9.6 Dodging
 - Level 5.0 Stealth
 * Level 11.7 Spellcasting
 * Level 11.7 Conjurations
 * Level 11.7 Hexes
   Level 0.0 Charms
 * Level 11.7 Summonings
 * Level 11.7 Necromancy
 * Level 11.7 Translocations
   Level 0.0 Transmutations
 * Level 11.7 Fire Magic
 * Level 11.7 Ice Magic
 * Level 11.7 Air Magic
 * Level 11.7 Earth Magic
 * Level 11.7 Alchemy


You knew the following spells:

 Your Spells              Type           Power      Damage    Failure   Level
a - Magic Dart            Conj           100%       1d8       1%          1
b - Searing Ray           Conj           100%       2d8       1%          2
c - Fulminant Prism       Conj/Alch      46%        3d21      1%          4
d - Iskenderun's Mystic   Conj/Tloc      73%        2d15      (+2d81%     4
e - Slow                  Hex            100%       N/A       1%          1
f - Call Imp              Summ           100%       N/A       1%          2
g - Confusing Touch       Hex            73%        N/A       1%          3
h - Brom's Barrelling Bo  Conj/Erth      73%        2d9       1%          4
i - Anguish               Hex/Necr       36%        N/A       1%          4
Your spell library was empty.

Dungeon Overview and Level Annotations

Branches:
Dungeon (11/15)            Temple (1/1) D:4            Lair (2/5) D:11
    Orc (0/2) D:9         Gauntlet (1/1)
  Swamp: Lair:2-3    Shoals: Lair:2-3     Snake: Lair:2-3    Spider: Lair:2-3

Altars:
Ashenzari
Cheibriados
Dithmenos
Elyvilon
Fedhas
Gozag
Hepliaklqana
Makhleb
Nemelex Xobeh
Okawaru
Qazlal
Ru
Trog
Uskayaw
Wu Jian
Xom
Yredelemnul
Zin
The Shining One

Shops:
D:4 !

Portals:
Abyss: Lair:1

Annotations:
Lair:1 4 transporters, NotYourErnst's ghost, journeyman GrBr Gauntlet 12 transporters, exclusion: orange crystal statue


Innate Abilities, Weirdness & Mutations

You are immune to sickness and miasma.
You are immune to poison.
Your flesh is very heat resistant. (rF++)
You are vulnerable to cold. (rC-)
You float through the air rather than walking.
You learn spells naturally, not from books.
Your magical power is your life essence.
You have superior vitality. (+4 MHP)


Message History

Casting: Iskenderun's Mystic Blast (safe; 1% risk of failure)
Confirm with . or Enter, or press ? or * to list all spells.
You erupt in a blast of force!
The mystic blast hits the minotaur!
The minotaur is severely wounded.
The minotaur is knocked back by the mystic blast.
The minotaur slams into the crystal wall.
Your fulminant prism explodes!
The blast of energy engulfs the minotaur!!
The minotaur is almost dead.
Unknown command.
Unknown command.
Unknown command.
Unknown command.
Unknown command.
Unknown command.
Casting: Iskenderun's Mystic Blast (safe; 1% risk of failure)
Confirm with . or Enter, or press ? or * to list all spells.
Aiming: Fulminant Prism (safe; 1% risk of failure)
Press: ? - help, Dir - move target You feel a surge of power!
You conjure a prism of explosive energy!
A fulminant prism comes into view.
The minotaur wields the +8 orcbow of Radicalism {drain, rElec rN+ rCorr Str+3}.
You sense an unholy aura.
The minotaur shoots an arrow.
The arrow hits you!
* * * LOW HITPOINT WARNING * * *
Casting: Fulminant Prism (safe; 1% risk of failure)
Confirm with . or Enter, or press ? or * to list all spells.
You erupt in a blast of force!
The mystic blast hits the minotaur!
You kill the minotaur!
Makhleb accepts your kill.
You feel better.
Your fulminant prism crackles loudly.
Your life force feels restored.
Unknown command.
Unknown command.
Unknown command.
Unknown command.
Your fulminant prism explodes!
The blast of energy engulfs you!!!
You die...

######### ##.#.......####
#..#.#####.#..#
#.##.#⌠.⌠#.##.#
#.#..#.∩.@..#.#
#.#.##⌠.$##.#.#
#.#.###### ##.#
#.......... #.#
#.###########.#
#.............#
#########.#########
#≈...............≈# #
####ß..©.©.©.©.©.©..ß####
### #


There were no monsters in sight!

Vanquished Creatures
  A minotaur (Gauntlet)
  Erolcha (D:9)
  A catoblepas (D:11)
  2 two-headed ogres (D:10)
  A tengu warrior (Gauntlet)
  Amaemon (Lair:2)
  An elephant (Lair:2)
  Maurice (D:7)
  A cane toad (Lair:1)
  An unseen horror (D:11)
  A tengu conjurer (Gauntlet)
  3 komodo dragons
  3 trolls
  A polar bear (Lair:2)
  2 wyverns
  14 yaks
  A vampire (D:11)
  2 wraiths
  A basilisk (Lair:1)
  8 vampire mosquitoes (D:11)
  2 steam dragons
  Menkaure (D:7)
  6 water moccasins
  An orc warrior (D:7)
  3 ice beasts
  3 black bears
  6 laughing skulls (Gauntlet)
  A sky beast (D:7)
  4 ogres (D:6)
  3 centaurs
  A weeping skull (Gauntlet)
  A kobold brigand (D:8)
  11 bullfrogs
  2 gnoll sergeants
  3 scorpions
  4 killer bees (D:8)
  2 hounds (D:5)
  2 jellies
  3 orc priests
  2 iguanas
  4 orc wizards
  15 gnolls
  6 adders
  A shadow imp (D:7)
  3 white imps
  A ribbon worm (D:3)
  2 dart slugs
  27 orcs
  5 bats
  4 endoplasms
  15 goblins
  6 hobgoblins
  3 quokkas
  5 ball pythons
  2 frilled lizards
  17 kobolds
  3 rats
227 creatures vanquished.

Vanquished Creatures (others)
  18 fulminant prisms
18 creatures vanquished.

Grand Total: 245 creatures vanquished

Notes
Turn   | Place    | Note
-------+----------+-------------------------------------------
     0 | D:1      | shadizar the Djinni Conjurer began the quest for the Orb.
     0 | D:1      | shadizar set off with the following spells memorised: Magic
                  | Dart, Searing Ray, Fulminant Prism, Iskenderun's Mystic
                  | Blast.
     0 | D:1      | Reached XP level 1. HP: 15/15 MP: 0/0
   106 | D:1      | Reached XP level 2. HP: 20/21 MP: 0/0
   177 | D:1      | Reached XP level 3. HP: 7/25 MP: 0/0
   177 | D:1      | Learned a level 1 spell: Slow
  1214 | D:3      | Reached XP level 4. HP: 26/31 MP: 0/0
  1576 | D:3      | Reached skill level 5 in Spellcasting
  1576 | D:3      | Reached skill level 5 in Conjurations
  1576 | D:3      | Reached skill level 5 in Hexes
  1576 | D:3      | Reached skill level 5 in Summonings
  1576 | D:3      | Reached skill level 5 in Necromancy
  1576 | D:3      | Reached skill level 5 in Translocations
  1576 | D:3      | Reached skill level 5 in Fire Magic
  1576 | D:3      | Reached skill level 5 in Ice Magic
  1576 | D:3      | Reached skill level 5 in Air Magic
  1576 | D:3      | Reached skill level 5 in Earth Magic
  1576 | D:3      | Reached skill level 5 in Alchemy
  1576 | D:3      | Reached XP level 5. HP: 18/35 MP: 0/0
  1576 | D:3      | Learned a level 2 spell: Call Imp
  1970 | D:4      | Found a staircase to the Ecumenical Temple.
  1982 | Temple   | Entered the Ecumenical Temple
  2004 | Temple   | Became a worshipper of Makhleb the Destroyer
  2107 | D:4      | Found Loate's Distillery.
  2179 | D:4      | Reached XP level 6. HP: 38/40 MP: 0/0
  2242 | D:4      | Found a snail-covered altar of Cheibriados.
  2243 | D:4      | Found a basalt altar of Yredelemnul.
  2284 | D:4      | Found a shadowy altar of Dithmenos.
  2695 | D:5      | Entered Level 5 of the Dungeon
  2695 | D:5      | Noticed a wraith
  2706 | D:5      | Killed a wraith
  2707 | D:5      | Reached XP level 7. HP: 14/45 MP: 0/0
  2707 | D:5      | Learned a level 3 spell: Confusing Touch
  3092 | D:5      | Reached * piety under Makhleb
  3167 | D:5      | Reached XP level 8. HP: 48/50 MP: 0/0
  3625 | D:6      | Reached skill level 1 in Fighting
  3736 | D:6      | Identified the +5 flail of Scorn {elec, Will+ Str+4}
  4319 | D:6      | Reached XP level 9. HP: 51/59 MP: 0/0
  4319 | D:6      | Learned a level 4 spell: Brom's Barrelling Boulder
  4381 | D:7      | Noticed Maurice
  4382 | D:7      | Paralysed by Maurice for 2 turns
  4390 | D:7      | Killed Maurice
  4392 | D:7      | Noticed Menkaure
  4395 | D:7      | Killed Menkaure
  4927 | D:7      | Reached skill level 5 in Dodging
  5112 | D:7      | Reached XP level 10. HP: 27/68 MP: 0/0
  6403 | D:8      | You are sucked into a shaft and drop 3 floors!
  6415 | D:11     | Reached skill level 5 in Fighting
  6416 | D:11     | Reached skill level 5 in Stealth
  6505 | D:11     | Reached ** piety under Makhleb
  6703 | D:10     | Entered Level 10 of the Dungeon
  7031 | D:10     | Noticed a two-headed ogre
  7061 | D:10     | Killed a two-headed ogre
  7062 | D:10     | Reached skill level 10 in Spellcasting
  7062 | D:10     | Reached skill level 10 in Conjurations
  7062 | D:10     | Reached skill level 10 in Hexes
  7062 | D:10     | Reached skill level 10 in Summonings
  7062 | D:10     | Reached skill level 10 in Necromancy
  7062 | D:10     | Reached skill level 10 in Translocations
  7062 | D:10     | Reached skill level 10 in Fire Magic
  7062 | D:10     | Reached skill level 10 in Ice Magic
  7062 | D:10     | Reached skill level 10 in Air Magic
  7062 | D:10     | Reached skill level 10 in Earth Magic
  7062 | D:10     | Reached skill level 10 in Alchemy
  7062 | D:10     | Reached XP level 11. HP: 67/76 MP: 0/0
  7062 | D:10     | Learned a level 4 spell: Anguish
  7258 | D:9      | Noticed Erolcha
  7271 | D:9      | Killed Erolcha
  7531 | D:9      | Found a staircase to the Orcish Mines.
  8633 | D:10     | Reached skill level 1 in Armour
  9158 | D:10     | Noticed a two-headed ogre
  9165 | D:10     | Killed a two-headed ogre
  9615 | D:11     | Paralysed by something for 5 turns
 10162 | D:11     | Reached *** piety under Makhleb
 10163 | D:11     | Found a staircase to the Lair.
 10167 | D:11     | Reached XP level 12. HP: 75/85 MP: 0/0
 10244 | D:11     | Noticed a catoblepas
 10252 | D:11     | Killed a catoblepas
 10389 | Lair:1   | Entered Level 1 of the Lair of Beasts
 10504 | Lair:1   | Found a transporter.
 10506 | Lair:1   | Found a transporter.
 10506 | Lair:1   | Noticed a boulder beetle
 10572 | Lair:1   | Found a transporter.
 10684 | Lair:1   | Found a one-way gate to the infinite horrors of the Abyss.
 10684 | Lair:1   | Noticed NotYourErnst's ghost (journeyman GrBr)
 10690 | Lair:1   | an iguana changed into a skyshark
 10690 | Lair:1   | Noticed a skyshark (shapeshifter)
 10693 | Lair:1   | Found a transporter.
 10720 | Lair:1   | Noticed a shock serpent
 10955 | Lair:1   | Noticed a spriggan rider
 11309 | Lair:1   | Identified a scroll of acquirement
 11309 | Lair:1   | Acquired the ring "Kimpihew" {rElec rPois Will+ EV+5 Int-2}
 11402 | Lair:1   | a snapping turtle changed into a mana viper
 11402 | Lair:1   | Noticed a mana viper (glowing shapeshifter)
 11424 | Lair:2   | Found a gate leading to a gauntlet.
 11536 | Lair:2   | Noticed Amaemon
 11548 | Lair:2   | HP: 3/86 [scorpion[Amaemon] (2)]
 11557 | Lair:2   | Killed Amaemon
 11800 | Gauntlet | Entered a Gauntlet
 11800 | Gauntlet | Found a transporter.
 11814 | Gauntlet | Found a transporter.
 11816 | Gauntlet | Found a transporter.
 11818 | Gauntlet | Found a transporter.
 11829 | Gauntlet | Noticed a tengu warrior
 11834 | Gauntlet | Found a transporter.
 11852 | Gauntlet | Found a transporter.
 11856 | Gauntlet | Noticed a reaper
 11860 | Gauntlet | Found a transporter.
 11892 | Gauntlet | Found a transporter.
 11936 | Gauntlet | Found a transporter.
 11946 | Gauntlet | Found a transporter.
 11976 | Gauntlet | Found a transporter.
 11982 | Gauntlet | Found a transporter.
 11995 | Gauntlet | Noticed a reaper
 11998 | Gauntlet | Found a transporter.
 12004 | Gauntlet | Found a transporter.
 12006 | Gauntlet | Found a transporter.
 12024 | Gauntlet | Found a transporter.
 12032 | Gauntlet | Found a transporter.
 12086 | Gauntlet | Found a transporter.
 12090 | Gauntlet | Noticed a death scarab
 12260 | Gauntlet | Killed a tengu warrior
 12385 | Gauntlet | Identified the ring "Ara Inid" {rF+ rCorr Str+2 Dex+6}
 12556 | Gauntlet | Identified the +8 orcbow of Radicalism {drain, rElec rN+
                  | rCorr Str+3}
 12556 | Gauntlet | Identified the staff of Foepsul {rElec rF+ Int+2 Stlth+
                  | Fire}
 12556 | Gauntlet | Identified the ring of the Shishi {Ice +Blink rPois SInv}
 12556 | Gauntlet | Noticed a minotaur
 12564 | Gauntlet | Killed a minotaur
 12565 | Gauntlet | Killed by an exploding fulminant prism

Illustrated notes

Levels and vault maps discovered:
D:1:      erik_arrival_triangle_small, layout_rooms, amcnicky_mini_pool_small,
          minivault_27
D:2:      layout_rooms, solitary_fountain, minmay_pentomino_t2
D:3:      layout_rooms, kennysheep_path_1, kennysheep_doodads
D:4:      layout_basic, kennysheep_mini, nicolae_overflow_squiral,
          minmay_temple_entry_statues_fountains, serial_shops,
          nicolae_shop_tiny_glass
D:5:      layout_cave_pools, minivault_14, nicolae_zen_rock_garden,
          chequers_decorated_corner
D:6:      layout_rooms, hangedman_abyss_or_decor_jellyfish_corner,
          minmay_ogre_servants
D:7:      layout_rooms, mrwooster_statue_mirror,
          amcnicky_mini_rare_corridor_liquid, minmay_increasing_density,
          uniq_maurice, uniq_menkaure
D:8:      layout_loops_ring
D:9:      layout_irregular_city, orc_0_dummy, uniq_erolcha
D:10:     layout_basic
D:11:     layout_roguey, david_lair_shrubbed, serial_curves, eino_curves_02,
          eino_curves_04
Temple:   hellmonk_temple_of_storms
Lair:1:   gammafunk_boulding_lane, layout_loops_ring,
          gammafunk_ghost_abyssal_escape, serial_bayou_shore_b
Lair:2:   layout_loops_ring, hellmonk_spider_entry_not_the_bees,
          gauntlet_entry_generic, ice2_lemuel, serial_bayou_shore_b,
          grunt_megastairs_4, lemuel_fruit_tree, serial_bayou_shore_b,
          infiniplex_staircase_pool_2, uniq_amaemon
Gauntlet: gammafunk_gauntlet_one_two_three [nicolae_gauntlet_arena_t_cross,
          gammafunk_gauntlet_arena_mazey, nicolae_gauntlet_arena_x,
          gammafunk_gauntlet_arena_split_diamond,
          gammafunk_gauntlet_arena_spirals, nicolae_gauntlet_arena_quarters,
          nicolae_gauntlet_arena_flowing_pool, nicolae_gauntlet_arena_blocks,
          gammafunk_gauntlet_arena_corners, dreamdust_gauntlet_exit_labyrinth]

Skill      XL: |  1  2  3  4  5  6  7  8  9 10 11 12 |
---------------+-------------------------------------+-----
Spellcasting   | 4 5 6 7 8 10 11 | 11.7
Conjurations   | 4 5 6 7 8 10 11 | 11.7
Hexes          | 4 5 6 7 8 10 11 | 11.7
Summonings     | 4 5 6 7 8 10 11 | 11.7
Necromancy     | 4 5 6 7 8 10 11 | 11.7
Translocations | 4 5 6 7 8 10 11 | 11.7
Fire Magic     | 4 5 6 7 8 10 11 | 11.7
Ice Magic      | 4 5 6 7 8 10 11 | 11.7
Air Magic      | 4 5 6 7 8 10 11 | 11.7
Earth Magic    | 4 5 6 7 8 10 11 | 11.7
Alchemy        | 4 5 6 7 8 10 11 | 11.7
Fighting       | 2 4 6 7 8 |  8.5
Stealth        | 3 4 5 |  5.0
Dodging        | 3 5 7 8 9 |  9.6
Armour         | 2 4 |  4.6

Action                     |  1- 3 |  4- 6 |  7- 9 | 10-12 || total
---------------------------+-------+-------+-------+-------++-------
  Melee: Staff             |       |       |       |     1 ||     1
   Cast: Magic Dart        |    67 |    80 |   116 |   117 ||   380
         Searing Ray       |       |     6 |       |       ||     6
         Fulminant Prism   |       |     3 |     6 |     9 ||    18
         Iskenderun's Myst |       |     1 |    39 |   167 ||   207
         Anguish           |       |       |       |     1 ||     1
    Use: Scroll            |       |       |       |    23 ||    23
         Potion            |       |       |       |     2 ||     2
 Armour: Robe              |     8 |    10 |    12 |       ||    30
         Steam dragon scal |       |       |       |    61 ||    61
  Dodge: Dodged            |     3 |     6 |    12 |    48 ||    69

Table legend: (Time is in decaauts)
 A = Elapsed time spent in this place.
 B = Non-inter-level travel time spent in this place.
 C = Inter-level travel time spent in this place.
 D = Time resting spent in this place.
 E = Time spent auto-exploring this place.
 F = Levels seen in this place.
 G = Mean time per level.
                   A        B        C        D        E       F      G
               +--------+--------+--------+--------+--------+-----+--------+
         Total |  12560 |  12084 |    476 |      0 |  10026 |  15 |  837.3 |
       Dungeon |  10341 |   9910 |    431 |      0 |   8769 |  11 |  940.1 |
        Temple |     43 |     24 |     19 |      0 |      2 |   1 |   43.0 |
          Lair |   1410 |   1385 |     25 |      0 |    970 |   2 |  705.0 |
      Gauntlet |    764 |    764 |      0 |      0 |    285 |   1 |  764.0 |
               +--------+--------+--------+--------+--------+-----+--------+

Top non-repeatable levels by time:
     D:7: 1350 daAuts
    D:10: 1335 daAuts
     D:8: 1221 daAuts
  Lair:1: 1212 daAuts
    D:11: 1138 daAuts
     D:9: 963 daAuts
     D:5: 921 daAuts
Gauntlet: 764 daAuts
     D:6: 759 daAuts
     D:4: 744 daAuts
     D:3: 733 daAuts
     D:1: 682 daAuts
     D:2: 490 daAuts
  Lair:2: 198 daAuts
  Temple: 43 daAuts
